AoeStats
← 沒起房子我日

Nomad

507414344Analyzed
4v4 RM · 14d ago on Sep 18, 2026· 48m 43s· 8 players
Game mode
Random Map
Map size
231×231
Population
200
Speed
Normal
Resources
Standard
Victory
Conquest
Starting age
Dark Age
Ending age
Imperial Age
RankedLock teamsTeams togetherTeam positionsShared explorationLock speedFull tech treeHidden civsTurbo modeCheats
Victory
Defeat
🇨🇦 Spanish · Canada
1425
+18
🇹🇼 Mongols · Taiwan
1423
+18
🇦🇺 Italians · Australia
1372
+20
🇦🇺 Persians · Australia
1371
+20
🇧🇷 Britons · Brazil
1635
-26
🇧🇷 Dravidians · Brazil
1610
-25
🇧🇷 Mongols · Brazil
1367
-15
🇧🇷 Malians · Brazil
1244
-10
沒起房子我日
13:46 Feudal Age
13:21 Loom
17:28 Castle Age
17:33 Double-Bit Axe
18:34 Medium Warships
18:26 Fishing Lines
20:26 Bow Saw
20:56 Wheelbarrow
20:47 Fletching
20:40 Horse Collar
21:36 Gillnets
26:40 Gold Mining
27:13 Heavy Plow
27:56 Stone Mining
28:35 Town Watch
30:12 Hand Cart
33:17 Imperial Age
31:11 Bodkin Arrow
31:41 Padded Archer Armor
32:27 Husbandry
32:34 Thumb Ring
33:25 Gold Shaft Mining
34:31 Conscription
34:15 Bracer
34:36 Ballistics
35:22 Chemistry
34:55 Leather Archer Armor
35:33 Parthian Tactics
36:06 Bloodlines
35:29 Elite Mangudai
37:44 Stone Shaft Mining
38:10 Capped Ram
39:42 Drill
39:21 Siege Ram
43:45 Coinage
45:05 Light Cavalry
45:53 Nomads
46:13 Onager
48:02 Banking
47:33 Caravan
47:53 Siege Onager
49:22 Siege Engineers
CSA_HW_Mercer
4:53 Loom
13:49 Feudal Age
18:12 Castle Age
16:30 Double-Bit Axe
17:14 Horse Collar
25:24 Padded Archer Armor
34:28 Fletching
38:03 Gold Mining
[LO] King Poshcock
4:49 Loom
13:02 Feudal Age
17:02 Castle Age
15:07 Double-Bit Axe
15:51 Fletching
15:51 Fishing Lines
17:08 Horse Collar
18:05 Medium Warships
20:23 Bow Saw
22:11 Gillnets
22:40 Padded Archer Armor
22:56 Bodkin Arrow
23:59 Stone Mining
26:34 Ballistics
26:32 Leather Archer Armor
28:02 Wheelbarrow
30:54 Gold Mining
36:25 Imperial Age
34:34 Masonry
37:12 Bracer
38:14 Chemistry
37:39 Hand Cart
38:17 Elite Genoese Crossbowman
40:22 Ring Archer Armor
40:40 Conscription
41:15 Elite Cannon Galleon
42:38 Architecture
44:38 Bombard Tower
44:44 Town Watch
47:01 Pirotechnia
48:39 Two-Man Saw
47:41 Heavy Plow
48:18 Stone Shaft Mining
48:12 Scale Mail Armor
48:22 Forging
OB
6:14 Loom
11:48 Feudal Age
22:02 Castle Age
21:45 Double-Bit Axe
21:42 Horse Collar
23:02 Medium Warships
24:23 Heavy Plow
24:55 Bow Saw
28:22 Fishing Lines
30:11 Scale Barding Armor
30:17 Forging
30:34 Gold Mining
31:54 Wheelbarrow
31:31 Bloodlines
32:42 Chain Barding Armor
37:08 Imperial Age
34:34 Fletching
37:17 Hand Cart
39:02 Bodkin Arrow
39:22 Padded Archer Armor
39:17 Elite Skirmisher
41:05 Conscription
41:13 Leather Archer Armor
42:14 Chemistry
41:35 Ballistics
42:18 Husbandry
41:42 Light Cavalry
46:17 Ring Archer Armor
45:14 Hussar
46:42 Plate Barding Armor
46:43 Iron Casting
Fs.Igor
4:58 Loom
11:23 Feudal Age
16:18 Castle Age
14:36 Horse Collar
16:03 Double-Bit Axe
17:44 Bow Saw
18:13 Wheelbarrow
18:22 Stone Mining
19:08 Heavy Plow
26:22 Fletching
26:33 Padded Archer Armor
27:19 Elite Skirmisher
31:35 Ballistics
31:13 Bodkin Arrow
36:46 Imperial Age
35:40 Leather Archer Armor
35:43 Thumb Ring
37:32 Hand Cart
37:02 Town Watch
37:10 Gold Mining
37:55 Stone Shaft Mining
38:01 Parthian Tactics
38:11 Conscription
39:12 Chemistry
41:14 Elite Mangudai
FS.Avozinho
4:54 Loom
13:56 Feudal Age
18:06 Castle Age
16:32 Double-Bit Axe
17:10 Stone Mining
18:07 Horse Collar
24:36 Fletching
26:44 Forging
29:49 Wheelbarrow
30:06 Scale Mail Armor
31:24 Gold Mining
33:21 Bodkin Arrow
42:15 Imperial Age
45:47 Imperial Age
43:47 Padded Archer Armor
43:43 Elite Skirmisher
Fs.guischmitt
14:08 Feudal Age
17:55 Castle Age
19:24 Horse Collar
22:18 Fletching
24:47 Bodkin Arrow
32:05 Ballistics
33:12 Loom
33:51 Double-Bit Axe
41:19 Imperial Age
40:10 Bow Saw
40:04 Heavy Plow
40:43 Wheelbarrow
41:08 Town Watch
41:59 Padded Archer Armor
42:08 Bracer
43:18 Chemistry
42:05 Pikeman
43:32 Padded Archer Armor
44:54 Warwolf
46:21 Guard Tower
47:01 Leather Archer Armor
47:34 Scale Mail Armor
Fs.Nicolau Mendes
5:32 Loom
14:34 Feudal Age
18:22 Castle Age
16:53 Fletching
19:13 Medium Warships
23:13 Bodkin Arrow
23:42 Crossbowman
28:56 Ballistics
33:44 Horse Collar
37:11 Double-Bit Axe
37:29 Heavy Plow
38:40 Wheelbarrow
37:53 Town Watch
42:48 Imperial Age
41:03 Padded Archer Armor
42:00 Elite Skirmisher
42:46 Thumb Ring
42:58 Leather Archer Armor
43:35 Bracer
44:37 Chemistry
44:44 Ring Archer Armor
Connection lost

Rejoining the realm…

Still unreachable

The connection could not be restored.

Session expired

The server has moved on; the page needs a fresh start.